 Dungeon Crawl Stone Soup version 0.31.0-12-g77e489cdc1 (webtiles) character file.

Game seed: 11297248176786487279

1407 ChadusMaximus the Summoner (level 8, -7/52 HPs)
             Began as a Barachi Summoner on Mar 3, 2024.
             Shot with an arrow by a centaur (8 damage)
             ... on level 6 of the Dungeon.
             The game lasted 00:08:05 (5855 turns).

ChadusMaximus the Summoner (Barachi Summoner)       Turns: 5855, Time: 00:08:05

Health: -7/52      AC:  5    Str: 17    XL:     8   Next: 70%
Magic:  10/17      EV: 12    Int: 18    God:
Gold:   162        SH:  0    Dex: 12    Spells: 5/19 levels left

rFire   . . .        k - +3 dagger
rCold   . . .        (no shield)
rNeg    . . .        a - +0 robe
rPois   +            r - +2 helmet "Ekuuh" {rPois Str+7}
rElec   .            (no cloak)
rCorr   .            (no gloves)
SInv    .            (no boots)
Will    .....        (no amulet)
Stlth   ++           (no ring)
HPRegen 0.28/turn    (no ring)
MPRegen 0.15/turn

%: no passive effects
@: unable to hop, very slightly contaminated, inugami summoned, slow
A: amphibious, slowness 1, strong legs 1, +LOS
a: Hop


You were on level 6 of the Dungeon.
You visited 1 branch of the dungeon, and saw 6 of its levels.

You collected 342 gold pieces.
You spent 180 gold pieces at shops.

Inventory:

Hand Weapons
 d - a +0 whip
 g - a +0 short sword
 k - a +3 dagger (weapon)
Armour
 a - a +0 robe (worn)
 r - the +2 helmet "Ekuuh" (worn) {rPois Str+7}
   (You bought it in a shop on level 4 of the Dungeon)

   Str+7:     It affects your strength (+7).
   rPois:     It protects you from poison
Wands
 v - a wand of polymorph (14)
 w - a wand of acid (9)
Scrolls
 c - 2 scrolls of noise {unknown}
 e - 3 scrolls of teleportation
 f - 2 scrolls of brand weapon {unknown}
 j - 2 scrolls of identify {unknown}
 l - 2 scrolls of enchant weapon {unknown}
 o - a scroll of blinking {unknown}
 q - 3 scrolls of revelation {unknown}
 t - a scroll of immolation {unknown}
 u - 2 scrolls of enchant armour {unknown}
 x - a scroll of amnesia {unknown}
Potions
 b - a potion of magic
 h - 3 potions of degeneration {unknown}
 i - a potion of enlightenment {unknown}
 m - a potion of brilliance {unknown}
 n - 2 potions of curing {unknown}
 p - a potion of might {unknown}
 s - 3 potions of lignification {unknown}


   Skills:
 - Level 2.1 Dodging
 - Level 1.7 Stealth
 + Level 6.4 Spellcasting
 * Level 11.2 Summonings


You had 5 spell levels left.
You knew the following spells:

 Your Spells              Type           Power      Damage    Failure   Level
a - Summon Small Mammal   Summ           100%       N/A       1%          1
b - Call Canine Familiar  Summ           46%        N/A       1%          3
c - Call Imp              Summ           92%        N/A       1%          2
d - Summon Lightning Spi  Summ/Air       26%        N/A       12%         4
e - Summon Blazeheart Go  Fire/Summ      26%        N/A       12%         4

Your spell library contained the following spells:

 Spells                   Type           Power      Damage    Failure   Level
 Blink                    Tloc           10%        N/A       17%         2
 Lesser Beckoning         Tloc           10%        N/A       17%         2
 Mercury Vapours          Alch/Air       10%        N/A       17%         2
 Momentum Strike          Conj/Tloc      10%        3d8       17%         2
 Fugue of the Fallen      Necr           5%         N/A       34%         3
 Gell's Gravitas          Tloc           5%         N/A       34%         3
 Mephitic Cloud           Conj/Alch/Air  5%         N/A       34%         3
 Ozocubu's Armour         Ice            5%         N/A       34%         3
 Teleport Other           Tloc           5%         N/A       34%         3
 Ignite Poison            Fire/Alch      5%         N/A       75%         4
 Manifold Assault         Tloc           5%         N/A       75%         4
 Sticky Flame             Fire/Alch      5%         2d4       75%         4
 Freezing Cloud           Conj/Ice/Air   2%         6-21      97%         5
 Ignition                 Fire           2%         3d3       100%        8


Dungeon Overview and Level Annotations

Branches:
Dungeon (6/15)
 Temple: D:4-7

Altars:
Sif Muna
Wu Jian
Zin

Shops:
D:4 [


Innate Abilities, Weirdness & Mutations

You are amphibious.
You cover ground slowly.
You can hop short distances.
You have an extended range of vision and can be seen from far away.


Message History

The orc hits you with a +0 flail.
You hit the orc.
You kill the orc!
No target in view!
No target in view!
Found 15 gold pieces.
You now have 162 gold pieces (gained 15).
Found a stone staircase leading down.
Found a stone staircase leading up.
Found 9 gold pieces.
There is a stone staircase leading up here.
You hear the rusting of a very distant drain.
You open the door.
A centaur comes into view.
The centaur shouts!
The centaur wields a +0 shortbow.
The centaur shoots an arrow.
The arrow hits you.
Found 7 stones.
The centaur shoots an arrow.
The arrow hits you.
There is an open door here.
The centaur shoots an arrow.
The arrow hits you.
The centaur shoots an arrow.
The arrow hits you!
Casting: Call Canine Familiar (safe; 1% risk of failure)
Confirm with . or Enter, or press ? or * to list all spells.
You call for your canine familiar and it appears with a howl!
The centaur shoots an arrow.
The arrow hits you!
Casting: Call Canine Familiar (safe; 1% risk of failure)
Confirm with . or Enter, or press ? or * to list all spells.
You miscast Summon Lightning Spire.
You are very lightly contaminated with residual magic.
Nothing appears to happen.
The centaur shoots an arrow.
The arrow hits you!
* * * LOW HITPOINT WARNING * * *
The centaur shoots an arrow.
The arrow hits you.
* * * LOW HITPOINT WARNING * * *
Unknown command.
Hop to where?
Press: ? - help, Dir - move target Boing!
The centaur shoots an arrow.
The arrow hits you!
You die...

#.# #.# ### .#. #.# #.. ....
#.# #.# ..#.# #.# #.# #(... #.#
#.# #...## ##.## ###.##
#.....## ##...# ##.#..##
##.......#
#....#######....@.####.........
......<..............'°........
#....##.#####.#...####.ch......
#.>#.##.# #.##.## ##.......#
#.##.##.# #.#### #.c...## #.
#.##.# ... #...## #. #.##.# #.#
#+## #. #.##$# ... # #.##.# #.#


You could see a centaur and a friendly inugami (summoned).

Vanquished Creatures
  An iguana (D:5)
  7 orcs
  6 ball pythons
  2 endoplasms
  A giant cockroach (D:3)
  4 goblins
  4 hobgoblins
  2 jackals (D:2)
  2 kobolds
  A quokka (D:3)
  3 bats
  A frilled lizard (D:1)
  2 rats (D:3)
36 creatures vanquished.

Vanquished Creatures (collateral kills)
  Grinder (D:5)
  Sigmund (D:2)
  A water moccasin (D:6)
  Duvessa (D:5)
  An ice beast (D:5)
  A bullfrog (D:6)
  2 scorpions
  Dowan (D:5)
  A nameless horror (D:6)
  2 hounds (D:5)
  A bombardier beetle (D:4)
  A jelly (D:3)
  2 orc priests
  A sleepcap (D:5)
  Ijyb (D:5)
  4 orc wizards
  3 gnolls (D:2)
  3 adders
  A dart slug (D:1)
  18 orcs
  3 ball pythons (D:1)
  An endoplasm (D:1)
  A giant cockroach (D:2)
  A goblin (D:2)
  5 hobgoblins
  A quokka (D:1)
  3 bats (D:1)
  A frilled lizard (D:1)
  2 kobolds (D:2)
  A rat (D:1)
66 creatures vanquished.

Grand Total: 102 creatures vanquished

Notes
Turn   | Place    | Note
-------+----------+-------------------------------------------
     0 | D:1      | ChadusMaximus the Barachi Summoner began the quest for the
                  | Orb.
     0 | D:1      | Reached XP level 1. HP: 13/13 MP: 3/3
   109 | D:1      | Reached skill level 5 in Summonings
   296 | D:1      | Reached XP level 2. HP: 16/19 MP: 3/5
  1161 | D:2      | Reached XP level 3. HP: 24/24 MP: 5/7
  1165 | D:2      | Learned a level 3 spell: Call Canine Familiar
  1170 | D:2      | Learned a level 2 spell: Call Imp
  1274 | D:2      | Noticed Sigmund
  1305 | D:2      | Killed Sigmund
  1306 | D:2      | Reached skill level 7 in Summonings
  1306 | D:2      | Reached XP level 4. HP: 30/30 MP: 2/9
  1306 | D:2      | Reached XP level 5. HP: 35/35 MP: 2/10
  1881 | D:2      | Reached XP level 6. HP: 12/41 MP: 4/11
  3223 | D:4      | Reached skill level 8 in Summonings
  3319 | D:4      | Reached XP level 7. HP: 33/46 MP: 7/13
  3371 | D:4      | Found a glowing silver altar of Zin.
  3515 | D:4      | Found Surix's Antique Armour Shoppe.
  3522 | D:4      | Bought a jewelled helmet for 180 gold pieces
  3522 | D:4      | Identified the +2 helmet "Ekuuh" {rPois Str+7} (You bought
                  | it in a shop on level 4 of the Dungeon)
  3762 | D:4      | Found a shimmering blue altar of Sif Muna.
  3769 | D:4      | Found an ornate altar of the Wu Jian Council.
  4648 | D:4      | Learned a level 4 spell: Summon Lightning Spire
  4653 | D:5      | Entered Level 5 of the Dungeon
  4674 | D:5      | Reached skill level 5 in Spellcasting
  4674 | D:5      | Reached skill level 9 in Summonings
  4775 | D:5      | Noticed Duvessa
  4780 | D:5      | Noticed Dowan
  4791 | D:5      | Noticed Ijyb
  4996 | D:5      | Killed Ijyb
  5187 | D:5      | Reached XP level 8. HP: 52/52 MP: 11/16
  5200 | D:5      | Killed Duvessa
  5201 | D:5      | Reached skill level 10 in Summonings
  5209 | D:5      | Killed Dowan
  5347 | D:5      | Noticed Grinder
  5361 | D:5      | Killed Grinder
  5532 | D:5      | Learned a level 4 spell: Summon Blazeheart Golem
  5570 | D:6      | Reached skill level 11 in Summonings
  5853 | D:6      | HP: 1/52 [centaur/arrow (5)]
  5855 | D:6      | Shot with an arrow by a centaur

Illustrated notes

Levels and vault maps discovered:
D:1:      mrwooster_arrival_statue, layout_basic, serial_forest,
          infiniplex_forest_zigzag_2, infiniplex_forest_corner_1,
          infiniplex_forest_end_1, infiniplex_forest_end_2,
          infiniplex_forest_clump_double, infiniplex_forest_clump_double,
          infiniplex_forest_end_double, minivault_25, minmay_vboxes
D:2:      layout_basic, glass_columns_c, uniq_sigmund
D:3:      layout_basic, nrook_campfire
D:4:      layout_rooms, zin_academy, amethyst_overflow_temple_binary,
          serial_shops, nicolae_shop_pleasant_corner_grove
D:5:      layout_cave_pools, uniq_ijyb, uniq_grinder, uniq_duvessa
D:6:      layout_loops_corners, trog_book, minmay_overflow_temple_star_quad,
          serial_library, serial_library_hellmonk_room_c,
          serial_library_hellmonk_open_square, serial_library_hellmonk_h_bend,
          serial_library_hellmonk_room_b, portal_sewer_entry_b

Skill      XL: |  1  2  3  4  5  6  7  8 |
---------------+-------------------------+-----
Summonings     | 5 7 8 9 11 | 11.2
Spellcasting   | 3 4 5 6 |  6.4
Dodging        | |  2.1
Stealth        | |  1.7

Action                     |  1- 3 |  4- 6 |  7- 9 || total
---------------------------+-------+-------+-------++-------
  Melee: Unarmed           |    10 |       |       ||    10
         Whip              |    10 |       |       ||    10
         Short sword       |    33 |     8 |       ||    41
         Dagger            |       |    55 |    64 ||   119
         Punch             |       |       |     2 ||     2
   Cast: Summon Small Mamm |    23 |    10 |     4 ||    37
         Call Canine Famil |     2 |     8 |    14 ||    24
         Call Imp          |     1 |     5 |     9 ||    15
         Summon Lightning  |       |       |     6 ||     6
Ability: Hop               |       |     3 |     3 ||     6
    Use: Scroll            |       |     1 |       ||     1
   Stab: Sleeping          |     1 |     2 |     1 ||     4
 Armour: Robe              |    40 |    62 |    58 ||   160
  Dodge: Dodged            |    61 |    45 |    53 ||   159
